 Dungeon Crawl Stone Soup version 0.22.0-25-g7663229ff0 (webtiles) character file.

1110 Quarzitep the Slasher (level 8, -5/71 HPs)
             Began as a Minotaur Monk on Aug 20, 2018.
             Was a Believer of Yredelemnul.
             Slain by Harold
             ... wielding a +0 hand axe
              (10 damage)
             ... on level 7 of the Dungeon.
             The game lasted 00:58:43 (5551 turns).

Quarzitep the Slasher (Minotaur Monk)               Turns: 5551, Time: 00:58:44

Health: -5/71      AC: 16    Str: 18    XL:     8   Next: 11%
Magic:  9/9        EV:  5    Int:  7    God:    Yredelemnul [**....]
Gold:   339        SH: 13    Dex: 13    Spells: 7/7 levels left

rFire    . . .     SeeInvis .   a - +1 falchion
rCold    . . .     Gourm    .   R - +2 large shield
rNeg     . . .     Faith    .   t - +0 chain mail
rPois    +         Spirit   .   (helmet restricted)
rElec    .         Reflect  .   (no cloak)
rCorr    .         Harm     .   K - +0 pair of gloves
MR       .....                  (no boots)
Stlth    ..........             D - amulet of the acrobat
HPRegen  0.21/turn              O - +5 ring of protection
MPRegen  0.11/turn              o - ring of poison resistance

@: marked
A: retaliatory headbutt, horns 2, rugged brown scales 1, wild magic 1, sturdy
frame 1
a: Animate Remains, Recall Undead Slaves, Injury Mirror, Renounce Religion


You were on level 7 of the Dungeon.
You worshipped Yredelemnul.
Yredelemnul was pleased with you.
You were very full.

You visited 2 branches of the dungeon, and saw 9 of its levels.

You collected 339 gold pieces.

Inventory:

Hand Weapons
 a - a +1 falchion (weapon)
 e - a cursed -3 club
 h - a cursed +0 dagger
 s - a +0 short sword
 x - a +0 battleaxe
 z - a +0 dagger
 A - a cursed -2 hunting sling
 B - a cursed -2 falchion
 E - a +0 giant spiked club
 G - a +1 shortbow of flaming
 H - a +0 falchion
 J - a +0 whip
 M - a +0 whip
Missiles
 d - 30 bolts
 f - 173 stones (quivered)
 j - 4 javelins
 l - 97 arrows
 y - 15 poisoned needles
 N - 24 sling bullets
Armour
 b - a +1 robe
 i - a +1 ring mail
 m - a +0 scale mail
 n - a +0 robe
 t - a +0 chain mail (worn)
 C - a +0 chain mail
 K - a +0 pair of gloves (worn)
 R - a +2 large shield (worn)
Jewellery
 g - an uncursed ring of wizardry
 k - an uncursed ring of see invisible {unknown}
 o - a ring of poison resistance (right hand)
 p - an uncursed ring of flight
 q - an uncursed ring of protection from cold
 r - an uncursed ring of protection from cold
 u - an uncursed ring of protection from cold
 D - an amulet of the acrobat (around neck)
 O - a +5 ring of protection (left hand)
Wands
 F - a wand of acid (8)
 Q - a wand of enslavement (8)
Scrolls
 w - 2 scrolls of remove curse
 I - 2 scrolls of amnesia
 L - 2 scrolls of magic mapping
Potions
 P - a potion of resistance
Comestibles
 c - 9 rations


   Skills:
 + Level 5.4 Fighting
 * Level 7.6 Long Blades
 + Level 1.9 Bows
 + Level 4.6 Armour
 + Level 4.9 Dodging
 - Level 1.5 Stealth
 * Level 3.7 Invocations


You had 7 spell levels left.
You didn't know any spells.
Your spell library was empty.

Dungeon Overview and Level Annotations

Branches:
Dungeon (8/15)             Temple (1/1) D:5
   Lair: D:8-11

Altars:
Ashenzari
Cheibriados
Elyvilon
Fedhas
Gozag
Hepliaklqana
Kikubaaqudgha
Makhleb
Nemelex Xobeh
Okawaru
Qazlal
Sif Muna
Uskayaw
Vehumet
Yredelemnul

Annotations:
D:7 Harold


Innate Abilities, Weirdness & Mutations

You reflexively headbutt those who attack you in melee.
You have a pair of horns on your head.
You are partially covered in rugged brown scales. (AC +1, +3% HP)
Your spells are a little harder to cast, but a little more powerful.
Your movements are slightly less encumbered by armour. (ER -2)


Message History

You feel stupid.
You feel resistant to heat. You block Harold's attack.
Unknown command.
You feel extremely strange.
You feel clever.
You no longer feel heat resistant.
You feel less in control of your magic.
Rugged brown scales grow over part of your body.
Harold hits you with a hand axe!
* * * LOW HITPOINT WARNING * * *
Unknown command.
You barely miss Harold.
Harold is severely wounded.
You completely miss Harold.
Harold is severely wounded.
You block Harold's attack.
You closely miss Harold.
Harold is severely wounded.
Harold hits you with a hand axe!
You die...
Your body rises from the dead as a mindless zombie.

....++....(.#**,_,***,,,,,,,,,,,,
....#*......#,,.,,,,**#**********
....##......#,..*,,,*.# *,
...SS.##....#..,*,,,#.# *,
#...#@(#....'#######'.* *,
.....#(#.............,* *,
.....#.()..........##.# **
.....##...............#
.....*#(########@#*****
.....*#..# #@# .....*##.# #o#
.....* #.# #S# ...o.* #.# #Z#
#####* #.# #.# ########.## #o#
....##....# #o# ....##....## #.#


You could see Harold, an orc wizard (mute), an adder, 2 orcs and a hound
skeleton.

Vanquished Creatures
  An orc warrior (D:6)
  An ogre (D:5)
  A centaur (D:5)
  A scorpion (D:6)
  2 crimson imps
  2 howler monkeys (D:7)
  4 hounds
  An orc priest (D:3)
  3 orc wizards
  A bullfrog skeleton (D:7)
  Terence (D:3)
  4 worker ants
  A killer bee zombie (D:6)
  7 gnolls
  5 adders
  2 shadow imps
  An adder zombie (D:5)
  A worm (D:2)
  A dart slug (D:2)
  4 leopard geckos
  16 orcs
  5 giant cockroaches
  6 goblins
  8 hobgoblins
  7 jackals
  3 quokkas
  3 bats (D:3)
  2 frilled lizards (D:2)
  9 kobolds
  5 rats
108 creatures vanquished.

Vanquished Creatures (collateral kills)
  A howler monkey (D:7)
  A centaur skeleton (D:5)
  A worker ant (D:5)
  A shadow imp (D:5)
  An ooze (D:5)
  An orc (D:5)
  A bat (D:7)
  A kobold (D:7)
8 creatures vanquished.

Vanquished Creatures (others)
  2 hound zombies
  3 howler monkey zombies (D:7)
  An adder zombie (D:5)
  4 jackal zombies (D:7)
  An orc zombie (D:6)
11 creatures vanquished.

Grand Total: 127 creatures vanquished

Notes
Turn   | Place    | Note
-------+----------+-------------------------------------------
     0 | D:1      | Quarzitep the Minotaur Monk began the quest for the Orb.
     0 | D:1      | Reached XP level 1. HP: 19/19 MP: 0/0
   187 | D:1      | Reached skill level 4 in Long Blades
   187 | D:1      | Reached XP level 2. HP: 27/27 MP: 1/1
   567 | D:2      | Reached skill level 1 in Armour
   626 | D:2      | Reached XP level 3. HP: 28/33 MP: 2/2
  1250 | D:2      | Reached XP level 4. HP: 8/40 MP: 3/3
  1525 | D:3      | Reached skill level 5 in Long Blades
  2260 | D:3      | Found a radiant altar of Vehumet.
  2394 | D:3      | Reached XP level 5. HP: 39/46 MP: 4/4
  2537 | D:3      | Found a basalt altar of Yredelemnul.
  2568 | D:3      | Became a worshipper of Yredelemnul the Dark
  2568 | D:3      | Reached * piety under Yredelemnul
  2568 | D:3      | Reached ** piety under Yredelemnul
  2586 | D:3      | Noticed Terence
  2634 | D:3      | Killed Terence
  2737 | D:3      | Found a deep blue altar of Sif Muna.
  2947 | D:4      | Reached skill level 6 in Long Blades
  2947 | D:4      | Reached skill level 1 in Invocations
  2947 | D:4      | Reached XP level 6. HP: 50/53 MP: 5/5
  3016 | D:5      | Entered Level 5 of the Dungeon
  3261 | D:4      | Gained mutation: Your movements are slightly less encumbered by armour. (ER -2) [potion of mutation]
  3261 | D:4      | Gained mutation: You occasionally shout uncontrollably at your foes. [potion of mutation]
  3261 | D:4      | Gained mutation: You expend magic power (3 MP) to strengthen your wands. [potion of mutation]
  3585 | D:5      | Found a white marble altar of Elyvilon.
  3595 | D:5      | Found a staircase to the Ecumenical Temple.
  3943 | D:5      | Reached XP level 7. HP: 47/60 MP: 7/7
  3987 | Temple   | Entered the Ecumenical Temple
  4386 | D:5      | Reached skill level 5 in Fighting
  4465 | D:5      | You fall through a shaft!
  4546 | D:6      | Reached skill level 7 in Long Blades
  4546 | D:6      | Reached skill level 1 in Bows
  4828 | D:5      | Found a sparkling altar of Nemelex Xobeh.
  5273 | D:7      | Reached XP level 8. HP: 66/68 MP: 3/9
  5470 | D:7      | Noticed Harold
  5547 | D:7      | Lost mutation: You occasionally shout uncontrollably at your foes. [potion of mutation]
  5547 | D:7      | Lost mutation: You expend magic power (3 MP) to strengthen your wands. [potion of mutation]
  5547 | D:7      | Gained mutation: You are dopey. (Int -2) [potion of mutation]
  5547 | D:7      | Gained mutation: Your flesh is heat resistant. (rF+) [potion of mutation]
  5548 | D:7      | Lost mutation: You are dopey. (Int -2) [potion of mutation]
  5548 | D:7      | Lost mutation: Your flesh is heat resistant. (rF+) [potion of mutation]
  5548 | D:7      | Gained mutation: Your spells are a little harder to cast, but a little more powerful. [potion of mutation]
  5548 | D:7      | Gained mutation: You are partially covered in rugged brown scales. (AC +1, +3% HP) [potion of mutation]
  5551 | D:7      | Slain by Harold

Skill      XL: |  1  2  3  4  5  6  7 |
---------------+----------------------+-----
Long Blades    | 4 5 6 7 |  7.6
Armour         | 1 2 3 4 |  4.6
Fighting       | 4 5 |  5.4
Dodging        | 4 |  4.9
Invocations    | 1 2 3 |  3.7
Bows           | 1 |  1.9
Stealth        | |  1.5

Action                   |  1- 3 |  4- 6 |  7- 9 || total
-------------------------+-------+-------+-------++-------
Melee: Falchion          |    75 |   140 |   133 ||   348
       Headbutt          |    11 |    35 |    24 ||    70
Invok: Injury Mirror     |       |     1 |       ||     1
       Animate Remains   |       |     4 |    16 ||    20
  Use: Scroll            |     5 |     7 |     7 ||    19
       Potion            |     7 |     2 |     3 ||    12
 Stab: Sleeping          |     1 |       |       ||     1
  Eat: Ration            |     1 |     4 |     3 ||     8
Armor: Robe              |     2 |       |       ||     2
       Ring mail         |     5 |       |       ||     5
       Chain mail        |    20 |    58 |    40 ||   118
Dodge: Dodged            |    50 |    77 |    64 ||   191
Block: Large shield      |       |       |    15 ||    15
       Rpst.: Falchion   |    12 |    27 |    17 ||    56
